| TOP OF THE 1ST |
|
New York Mets batting - Pitching for Colorado Rockies : RHP Sean Parks
|
|
Pitching: RHP Sean Parks
|
|
|
Batting: SHB Nelle van den Berg
|
0-0: Ground out 6-3 (Groundball, 6MD, EV 105.0 MPH)
|
|
Batting: LHB Kevin Bellman
|
0-0: Called Strike 0-1: Foul Ball, location: 2F 0-2: Ground out 6-3 (Groundball, 6, EV 105.6 MPH)
|
|
Batting: SHB Sean Cook
|
0-0: Fly out, F2 (Popup, 25F, EV 88.1 MPH)
|
| Top of the 1st over - 0 runs, 0 hits, 0 errors, 0 left on base; New York 0 - Colorado 0 |
| BOTTOM OF THE 1ST |
|
Colorado Rockies batting - Pitching for New York Mets : RHP Ben Dicks
|
|
Pitching: RHP Ben Dicks
|
|
|
Batting: SHB Eddie Quinones
|
0-0: Called Strike 0-1: Foul Ball, location: 2F 0-2: Ball 1-2: Foul Ball, location: 2F 1-2: Strikes out looking
|
|
Batting: RHB Henry Alvizo
|
0-0: Ground out U3 (Groundball, 3L, EV 101.9 MPH)
|
|
Batting: RHB Joel Haycock
|
0-0: Called Strike 0-1: Ball 1-1: Called Strike 1-2: Ball 2-2: Strikes out swinging
|
| Bottom of the 1st over - 0 runs, 0 hits, 0 errors, 0 left on base; New York 0 - Colorado 0 |
| TOP OF THE 2ND |
|
New York Mets batting - Pitching for Colorado Rockies : RHP Sean Parks
|
|
Batting: RHB Jeff Jank
|
0-0: Ball 1-0: Called Strike 1-1: Ground out 5-3 (Groundball, 56, EV 82.5 MPH)
|
|
Batting: SHB Javy Rosa
|
0-0: Called Strike 0-1: Called Strike 0-2: Ball 1-2: Ball 2-2: SINGLE (Groundball, 25, EV 75.6 MPH) (infield hit)
|
|
Batting: RHB Drtian Thaqi
|
0-0: Ball 1-0: Ball Javy Rosa steals 2nd base (no throw) 2-0: Foul Ball, location: 2F 2-1: Ball 3-1: Called Strike 3-2: Foul Ball, location: 2F 3-2: DOUBLE (Line Drive, 78D, EV 115.0 MPH) Javy Rosa scores
|
|
Batting: LHB Fabiano Perrolas
|
0-0: Ball 1-0: Called Strike 1-1: Ball 2-1: Ball 3-1: Foul Ball, location: 2F 3-2: 2-RUN HOME RUN (Flyball, 89XD, EV 99.4 MPH), Distance : 421 ft
|
|
Batting: RHB Billy Walker
|
0-0: Ball 1-0: Ball 2-0: Called Strike 2-1: Ball 3-1: Bunt for hit to 23 - play at first, batter safe!
|
|
Batting: RHB Antonio Aranda
|
0-0: Ball 1-0: Grounds into double play, 6-4-3 (Groundball, 6, EV 105.0 MPH)
|
| Top of the 2nd over - 3 runs, 4 hits, 0 errors, 0 left on base; New York 3 - Colorado 0 |
| BOTTOM OF THE 2ND |
|
Colorado Rockies batting - Pitching for New York Mets : RHP Ben Dicks
|
|
Batting: LHB Shawn Morrison
|
0-0: Foul Ball, location: 2F 0-1: Ball 1-1: Ball 2-1: Called Strike 2-2: Strikes out swinging
|
|
Batting: RHB Jason Andrews
|
0-0: Ball 1-0: Ball 2-0: Ball 3-0: Base on Balls
|
|
Batting: LHB Freddy Troncoso
|
0-0: Called Strike 0-1: Ball 1-1: Called Strike 1-2: Ball 2-2: SINGLE (Groundball, 15S, EV 73.1 MPH) (infield hit) Jason Andrews to second
|
|
Batting: SHB Andy Vivas
|
0-0: SINGLE (Line Drive, 9LS, EV 94.4 MPH) Jason Andrews to third Freddy Troncoso to second Runner from 3rd tries for Home, throw by RF and OUT! 9-2 Freddy Troncoso to third Andy Vivas to second
|
|
Batting: SHB Jon Munoz
|
0-0: Swinging Strike 0-1: DOUBLE (Line Drive, 89D, EV 112.5 MPH) Freddy Troncoso scores Andy Vivas scores
|
|
Batting: SHB Billy Encinias
|
0-0: Ball 1-0: DOUBLE (Line Drive, 89XD, EV 98.8 MPH) Jon Munoz scores
|
|
Batting: SHB Eddie Quinones
|
0-0: Ball 1-0: Ball 2-0: Ball 3-0: Base on Balls
|
|
Batting: RHB Henry Alvizo
|
0-0: SINGLE (Groundball, 6MD, EV 102.5 MPH) Billy Encinias to third Eddie Quinones to second Runner from 3rd tries for Home, SAFE, throw by CF to home
|
|
Batting: RHB Joel Haycock
|
0-0: Ball 1-0: Swinging Strike 1-1: Swinging Strike 1-2: Ball 2-2: Fly out, F7 (Flyball, 78S, EV 89.4 MPH)
|
| Bottom of the 2nd over - 4 runs, 5 hits, 0 errors, 2 left on base; New York 3 - Colorado 4 |
| TOP OF THE 3RD |
|
New York Mets batting - Pitching for Colorado Rockies : RHP Sean Parks
|
|
Batting: SHB Nelle van den Berg
|
0-0: Swinging Strike 0-1: Ball 1-1: Called Strike 1-2: Ground out 4-3 (Groundball, 4, EV 100.0 MPH)
|
|
Batting: LHB Kevin Bellman
|
0-0: DOUBLE (Line Drive, 89M, EV 108.1 MPH)
|
|
Batting: SHB Sean Cook
|
0-0: Called Strike 0-1: Ball 1-1: Foul Ball, location: 2F 1-2: Ball 2-2: Ball 3-2: Foul Ball, location: 2F 3-2: Ground out 4-3 (Groundball, 4, EV 102.5 MPH) Kevin Bellman to third
|
|
Batting: RHB Jeff Jank
|
0-0: 2-RUN HOME RUN (Flyball, 7LD, EV 98.1 MPH), Distance : 390 ft
|
|
Batting: SHB Javy Rosa
|
0-0: Swinging Strike 0-1: Called Strike 0-2: Ball 1-2: Strikes out swinging
|
| Top of the 3rd over - 2 runs, 2 hits, 0 errors, 0 left on base; New York 5 - Colorado 4 |
| BOTTOM OF THE 3RD |
|
Colorado Rockies batting - Pitching for New York Mets : RHP Ben Dicks
|
|
Batting: LHB Shawn Morrison
|
0-0: Ball 1-0: Called Strike 1-1: Ball 2-1: Ball 3-1: Base on Balls
|
|
Batting: RHB Jason Andrews
|
0-0: Ball 1-0: Swinging Strike 1-1: Foul Ball, location: 2F 1-2: Ball 2-2: Strikes out swinging
|
|
Batting: LHB Freddy Troncoso
|
0-0: Swinging Strike 0-1: Swinging Strike 0-2: Ball 1-2: Foul Ball, location: 2F 1-2: Strikes out looking
|
|
Batting: SHB Andy Vivas
|
0-0: Ball Pickoff Throw to First - Error! E1 Shawn Morrison to second 1-0: Called Strike 1-1: Foul Ball, location: 2F 1-2: Foul Ball, location: 2F 1-2: 2-RUN HOME RUN (Flyball, 8LXD, EV 103.8 MPH), Distance : 428 ft
|
|
Pitching: RHP Marc Maniu
|
|
|
Batting: SHB Jon Munoz
|
0-0: SINGLE (Groundball, 4D, EV 93.8 MPH)
|
|
Batting: SHB Billy Encinias
|
0-0: Ball 1-0: Ball 2-0: Ball 3-0: Called Strike 3-1: Called Strike 3-2: Foul Ball, location: 2F 3-2: Fly out, F7 (Flyball, 7D, EV 95.0 MPH)
|
| Bottom of the 3rd over - 2 runs, 2 hits, 1 error, 1 left on base; New York 5 - Colorado 6 |
| TOP OF THE 4TH |
|
New York Mets batting - Pitching for Colorado Rockies : RHP Sean Parks
|
|
Batting: RHB Drtian Thaqi
|
0-0: Called Strike 0-1: Foul Ball, location: 2F 0-2: Ball 1-2: Foul Ball, location: 2F 1-2: Foul Ball, location: 2F 1-2: Foul Ball, location: 2F 1-2: Ball 2-2: SINGLE (Line Drive, 4MD, EV 106.9 MPH)
|
|
Pitching: LHP Randy Rowland
|
|
|
Batting: LHB Fabiano Perrolas
|
0-0: Ball 1-0: Grounds into double play, 6-4-3 (Groundball, 6M, EV 105.0 MPH)
|
|
Batting: RHB Billy Walker
|
0-0: Called Strike 0-1: Ball 1-1: Ball 2-1: Ground out 6-3 (Groundball, 6M, EV 86.9 MPH)
|
| Top of the 4th over - 0 runs, 1 hit, 0 errors, 0 left on base; New York 5 - Colorado 6 |
| BOTTOM OF THE 4TH |
|
Colorado Rockies batting - Pitching for New York Mets : RHP Marc Maniu
|
|
Batting: SHB Eddie Quinones
|
0-0: Called Strike 0-1: Foul Ball, location: 2F 0-2: Strikes out looking
|
|
Batting: RHB Henry Alvizo
|
0-0: Fly out, F2 (Popup, 2RF, EV 85.6 MPH)
|
|
Batting: RHB Joel Haycock
|
0-0: Ball 1-0: Swinging Strike 1-1: Ball 2-1: Foul Ball, location: 2F 2-2: SINGLE (Line Drive, 7S, EV 87.5 MPH)
|
|
Batting: LHB Shawn Morrison
|
0-0: Ball 1-0: Called Strike 1-1: Ball 2-1: Ball 3-1: Foul Ball, location: 2F 3-2: Base on Balls Joel Haycock to second
|
|
Batting: RHB Jason Andrews
|
0-0: SINGLE (Groundball, 5D, EV 96.9 MPH) Joel Haycock to third Shawn Morrison to second Runner from 3rd tries for Home, SAFE, throw by LF to home
|
|
Batting: LHB Freddy Troncoso
|
0-0: Called Strike 0-1: Called Strike 0-2: Strikes out swinging
|
| Bottom of the 4th over - 1 run, 2 hits, 0 errors, 2 left on base; New York 5 - Colorado 7 |
| TOP OF THE 5TH |
|
New York Mets batting - Pitching for Colorado Rockies : LHP Randy Rowland
|
|
Batting: RHB Antonio Aranda
|
0-0: Ball 1-0: Ball 2-0: Ball 3-0: Fly out, F3 (Popup, 3, EV 80.6 MPH)
|
|
Batting: SHB Nelle van den Berg
|
0-0: Called Strike 0-1: Foul Ball, location: 2F 0-2: Foul Ball, location: 2F 0-2: Ball 1-2: Strikes out swinging
|
|
Batting: LHB Kevin Bellman
|
0-0: Ball 1-0: Ball 2-0: Ball 3-0: Called Strike 3-1: Fly out, F8 (Flyball, 8LD, EV 90.6 MPH)
|
| Top of the 5th over - 0 runs, 0 hits, 0 errors, 0 left on base; New York 5 - Colorado 7 |
| BOTTOM OF THE 5TH |
|
Colorado Rockies batting - Pitching for New York Mets : RHP Marc Maniu
|
|
Batting: SHB Andy Vivas
|
0-0: Ground out 4-3 (Groundball, 4, EV 86.9 MPH)
|
|
Batting: SHB Jon Munoz
|
0-0: SOLO HOME RUN (Flyball, 9LD, EV 96.2 MPH), Distance : 369 ft
|
|
Batting: SHB Billy Encinias
|
0-0: Foul Ball, location: 2F 0-1: Foul Ball, location: 2F 0-2: Strikes out swinging, 2-3 out at first.
|
|
Batting: SHB Eddie Quinones
|
0-0: Ball 1-0: SINGLE (Line Drive, 8RS, EV 96.2 MPH)
|
|
Batting: RHB Henry Alvizo
|
0-0: Foul Ball, location: 2F 0-1: Fielders Choice at 2nd, 5-4 (Groundball, 56, EV 111.9 MPH)
|
| Bottom of the 5th over - 1 run, 2 hits, 0 errors, 1 left on base; New York 5 - Colorado 8 |
| TOP OF THE 6TH |
|
New York Mets batting - Pitching for Colorado Rockies : LHP Randy Rowland
|
|
Batting: SHB Sean Cook
|
0-0: Called Strike 0-1: Swinging Strike 0-2: Ball 1-2: Ball 2-2: Foul Ball, location: 2F 2-2: Strikes out swinging
|
|
Batting: RHB Jeff Jank
|
0-0: Ball 1-0: Called Strike 1-1: Ball 2-1: Foul Ball, location: 2F 2-2: Ball 3-2: Foul Ball, location: 2F 3-2: Fly out, F8 (Flyball, 8RD, EV 85.0 MPH)
|
|
Batting: SHB Javy Rosa
|
0-0: Ball 1-0: Ball 2-0: Ball 3-0: Called Strike 3-1: Called Strike 3-2: SINGLE (Flyball, 8LS, EV 98.8 MPH)
|
|
Batting: RHB Drtian Thaqi
|
0-0: Foul Ball, location: 2F 0-1: Ball 1-1: Called Strike 1-2: Strikes out swinging
|
| Top of the 6th over - 0 runs, 1 hit, 0 errors, 1 left on base; New York 5 - Colorado 8 |
| BOTTOM OF THE 6TH |
|
Colorado Rockies batting - Pitching for New York Mets : RHP Marc Maniu
|
|
Batting: RHB Joel Haycock
|
0-0: Called Strike 0-1: Ball 1-1: Foul Ball, location: 2F 1-2: Fly out, F7 (Flyball, 7, EV 85.0 MPH)
|
|
Batting: LHB Shawn Morrison
|
0-0: Foul Ball, location: 2F 0-1: Foul Ball, location: 2F 0-2: Ball 1-2: Ball 2-2: Strikes out swinging
|
|
Batting: RHB Jason Andrews
|
0-0: Foul Ball, location: 2F 0-1: Ball 1-1: Swinging Strike 1-2: Strikes out swinging
|
| Bottom of the 6th over - 0 runs, 0 hits, 0 errors, 0 left on base; New York 5 - Colorado 8 |
| TOP OF THE 7TH |
|
New York Mets batting - Pitching for Colorado Rockies : LHP Randy Rowland
|
|
Pitching: RHP Mitch Guerrero
|
|
|
Batting: LHB Fabiano Perrolas
|
0-0: Called Strike 0-1: Ground out 3-1 (Groundball, 34, EV 105.0 MPH)
|
|
Batting: RHB Billy Walker
|
0-0: Ball 1-0: Called Strike 1-1: Called Strike 1-2: Ball 2-2: Strikes out swinging
|
|
Batting: RHB Antonio Aranda
|
0-0: Ball 1-0: Ball 2-0: Ball 3-0: Base on Balls
|
|
Batting: SHB Nelle van den Berg
|
0-0: Called Strike 0-1: Swinging Strike 0-2: Ball 1-2: Ball 2-2: Foul Ball, location: 2F 2-2: Ball 3-2: Hit by Pitch Antonio Aranda to second
|
|
Batting: LHB Kevin Bellman
|
0-0: SINGLE (Line Drive, 7S, EV 104.4 MPH) Antonio Aranda to third Nelle van den Berg to second Runner from 3rd tries for Home, SAFE, throw by LF to home
|
|
Batting: SHB Sean Cook
|
0-0: Called Strike 0-1: Ball 1-1: Called Strike 1-2: Foul Ball, location: 2F 1-2: Strikes out looking
|
| Top of the 7th over - 1 run, 1 hit, 0 errors, 2 left on base; New York 6 - Colorado 8 |
| BOTTOM OF THE 7TH |
|
Colorado Rockies batting - Pitching for New York Mets : RHP Marc Maniu
|
|
Pitching: LHP Steve Kelly
|
|
|
Batting: LHB Freddy Troncoso
|
0-0: Foul Ball, location: 2F 0-1: Foul Ball, location: 2F 0-2: Strikes out swinging
|
|
Batting: SHB Andy Vivas
|
0-0: Ball 1-0: Ball 2-0: Ball 3-0: Base on Balls
|
|
Batting: SHB Jon Munoz
|
0-0: Ball 1-0: Swinging Strike 1-1: Swinging Strike 1-2: Strikes out looking
|
|
Batting: SHB Billy Encinias
|
0-0: Ball Wild Pitch! Andy Vivas to second 1-0: Called Strike 1-1: Called Strike 1-2: Ball 2-2: Ground out 5-3 (Groundball, 5S, EV 75.0 MPH)
|
| Bottom of the 7th over - 0 runs, 0 hits, 0 errors, 1 left on base; New York 6 - Colorado 8 |
| TOP OF THE 8TH |
|
New York Mets batting - Pitching for Colorado Rockies : RHP Mitch Guerrero
|
|
Pitching: RHP Tony Campos
|
|
|
Batting: RHB Jeff Jank
|
0-0: Fly out, F9 (Line Drive, 9, EV 105.6 MPH)
|
|
Batting: SHB Javy Rosa
|
0-0: Called Strike 0-1: Fly out, F8 (Flyball, 78M, EV 76.2 MPH)
|
|
Batting: RHB Drtian Thaqi
|
0-0: Ball 1-0: Ball 2-0: Foul Ball, location: 2F 2-1: Foul Ball, location: 2F 2-2: Ball 3-2: Foul Ball, location: 2F 3-2: Foul Ball, location: 2F 3-2: Strikes out swinging
|
| Top of the 8th over - 0 runs, 0 hits, 0 errors, 0 left on base; New York 6 - Colorado 8 |
| BOTTOM OF THE 8TH |
|
Colorado Rockies batting - Pitching for New York Mets : LHP Steve Kelly
|
|
Batting: SHB Eddie Quinones
|
0-0: Ball 1-0: Fly out, F9 (Flyball, 9LS, EV 85.0 MPH)
|
|
Batting: RHB Henry Alvizo
|
0-0: Ball 1-0: TRIPLE (Flyball, 78XD, EV 96.2 MPH)
|
|
Batting: RHB Joel Haycock
|
0-0: Intentional Walk
|
|
Batting: LHB Shawn Morrison
|
0-0: Ball 1-0: Swinging Strike 1-1: Foul Ball, location: 2F 1-2: Ball 2-2: SINGLE (Line Drive, 89S, EV 100.0 MPH) Henry Alvizo scores Joel Haycock to second
|
|
Batting: RHB Jason Andrews
|
0-0: Swinging Strike 0-1: Foul Ball, location: 2F 0-2: Ball 1-2: Strikes out swinging
|
|
Batting: LHB Freddy Troncoso
|
0-0: Swinging Strike 0-1: Fly out, F9 (Flyball, 9, EV 89.4 MPH)
|
| Bottom of the 8th over - 1 run, 2 hits, 0 errors, 2 left on base; New York 6 - Colorado 9 |
| TOP OF THE 9TH |
|
New York Mets batting - Pitching for Colorado Rockies : RHP Tony Campos
|
|
Pitching: RHP Tye Dickinson
|
|
|
Batting: LHB Fabiano Perrolas
|
0-0: Foul Ball, location: 2F 0-1: Foul Ball, location: 2F 0-2: Ball 1-2: Ball 2-2: Ball 3-2: Base on Balls
|
|
Batting: RHB Billy Walker
|
0-0: Foul Ball, location: 2F 0-1: Called Strike 0-2: DOUBLE (Line Drive, 9LM, EV 98.8 MPH) Fabiano Perrolas to third
|
|
Pinch Hitting: SHB Roberto Magne
|
0-0: Ball 1-0: Called Strike 1-1: Ball 2-1: 3-RUN HOME RUN (Flyball, 9LD, EV 93.8 MPH), Distance : 358 ft
|
|
Batting: SHB Nelle van den Berg
|
0-0: DOUBLE (Line Drive, 7LD, EV 113.8 MPH)
|
|
Batting: LHB Kevin Bellman
|
0-0: Called Strike 0-1: Called Strike 0-2: Ball 1-2: Ball 2-2: Strikes out swinging
|
|
Batting: SHB Sean Cook
|
0-0: Intentional Walk
|
|
Batting: RHB Jeff Jank
|
0-0: Called Strike 0-1: Called Strike 0-2: Ball 1-2: Strikes out swinging
|
|
Batting: SHB Javy Rosa
|
0-0: Swinging Strike 0-1: Foul Ball, location: 2F 0-2: Ball 1-2: Strikes out swinging
|
| Top of the 9th over - 3 runs, 3 hits, 0 errors, 2 left on base; New York 9 - Colorado 9 |
| BOTTOM OF THE 9TH |
|
Colorado Rockies batting - Pitching for New York Mets : LHP Steve Kelly
|
|
Now in CF: Finn Ross
|
|
|
Batting: SHB Andy Vivas
|
0-0: Called Strike 0-1: Foul Ball, location: 2F 0-2: Ball 1-2: Strikes out looking
|
|
Batting: SHB Jon Munoz
|
0-0: Fly out, F9 (Flyball, 9LS, EV 85.0 MPH)
|
|
Batting: SHB Billy Encinias
|
0-0: Swinging Strike 0-1: SOLO HOME RUN (Line Drive, 78XD, EV 110.6 MPH), Distance : 409 ft
|
| Bottom of the 9th over - 1 run, 1 hit, 0 errors, 0 left on base; New York 9 - Colorado 10 |
|